 Dungeon Crawl Stone Soup version 0.25.1-1-g288607f5aa (webtiles) character file.

Game seed: 14989408393394232613

1250 Descartes the Thaumaturge (level 8, -1/41 HPs)
             Began as a Deep Elf Wizard on July 23, 2020.
             Was an Initiate of Vehumet.
             Slain by Pikel
             ... wielding a +2 whip of flaming
              (2 damage)
             ... on level 5 of the Dungeon on July 24, 2020.
             The game lasted 00:21:08 (7415 turns).

Descartes the Thaumaturge (Deep Elf Wizard)         Turns: 7415, Time: 00:21:09

Health: -1/41      AC:  8    Str:  4    XL:     8   Next: 26%
Magic:  23/23      EV: 11    Int: 31    God:    Vehumet [......]
Gold:   164        SH:  0    Dex: 14    Spells: 20/26 levels left

rFire    . . .     SeeInvis +   o - +2 whip (venom)
rCold    . . .     Gourm    .   (no shield)
rNeg     . . .     Faith    .   p - +0 leather armour
rPois    .         Spirit   .   H - +0 helmet
rElec    .         Reflect  .   f - +0 cloak
rCorr    .         Harm     .   u - +1 pair of gloves
MR       .....                  x - +0 pair of boots
Stlth    ++........             M - amulet of magic regeneration
HPRegen  0.13/turn              v - ring of see invisible
MPRegen  0.43/turn              P - +6 ring of intelligence

@: no status effects
A: no striking features
a: Renounce Religion


You were on level 5 of the Dungeon.
You worshipped Vehumet.
Vehumet was noncommittal.
You were not hungry.

You visited 2 branches of the dungeon, and saw 6 of its levels.

You collected 164 gold pieces.

Inventory:

Hand Weapons
 m - a +0 long sword
 o - a +2 whip of venom (weapon)
 t - a +0 hunting sling
 C - a +2 vampiric rapier
 G - a +3 whip of flaming
Missiles
 e - 136 stones (quivered)
 i - 15 sling bullets
 k - 56 arrows
 l - 39 bolts
 R - 2 javelins
Armour
 a - a +0 robe
 b - a +0 hat
 f - a +0 cloak (worn)
 p - a +0 leather armour (worn)
 u - a +1 pair of gloves (worn)
 x - a +0 pair of boots (worn)
 H - a +0 helmet (worn)
Magical Staves
 r - an uncursed staff of conjuration
 B - an uncursed staff of air
 Q - a cursed staff of fire {unknown}
Jewellery
 v - a ring of see invisible (left hand)
 w - an uncursed ring of stealth
 K - an uncursed ring of positive energy
 M - an amulet of magic regeneration (around neck)
 P - a +6 ring of intelligence (right hand)
Wands
 y - a wand of enslavement (4)
 A - a wand of flame (25)
Scrolls
 h - 2 scrolls of teleportation {unknown}
 q - a scroll of immolation
 s - 2 scrolls of fog {unknown}
 F - 2 scrolls of identify
 J - a scroll of noise {unknown}
 L - a scroll of random uselessness {unknown}
 N - a scroll of enchant weapon {unknown}
 O - a scroll of remove curse {unknown}
Potions
 c - 3 potions of stabbing
 g - 4 potions of brilliance
 j - a potion of berserk rage {unknown}
 n - a potion of heal wounds {unknown}
 z - a potion of haste
 D - 2 potions of lignification {unknown}
 I - a potion of resistance {unknown}
Comestibles
 d - 7 rations


   Skills:
 - Level 2.4 Dodging
 - Level 2.4 Stealth
 + Level 9.5 Spellcasting
 + Level 7.1 Conjurations
   Level 1.1 Summonings
 - Level 1.1 Translocations
 + Level 4.1 Fire Magic


You had 20 spell levels left.
You knew the following spells:

 Your Spells              Type           Power        Failure   Level  Hunger
a - Magic Dart            Conj           ####         1%          1    None
b - Conjure Flame         Conj/Fire      #####...     1%          3    None
c - Blink                 Tloc           N/A          6%          2    None

Your spell library contained the following spells:

 Spells                   Type           Power        Failure   Level  Hunger
 Call Imp                 Summ           ###.....     6%          2    None
 Mephitic Cloud           Conj/Pois/Air  ####....     7%          3    None
 Slow                     Hex            ##......     10%         2    None


Dungeon Overview and Level Annotations

Branches:
Dungeon (5/15)             Temple (1/1) D:5

Altars:
Ashenzari
Cheibriados
Dithmenos
Elyvilon
Fedhas
Gozag
Hepliaklqana
Kikubaaqudgha
Makhleb
Nemelex Xobeh
Okawaru
Qazlal
Ru
Sif Muna
Trog
Uskayaw
Vehumet
Wu Jian
Xom
Yredelemnul
Zin
The Shining One

Annotations:
D:4 Grinder
D:5 Pikel


Message History

* * * LOW HITPOINT WARNING * * *
Pikel burns you.
* * * LOW HITPOINT WARNING * * *
You completely miss Pikel.
Pikel is lightly wounded.
Pikel barely misses you.
You hit Pikel but do no damage.
Pikel is poisoned.
Pikel is lightly wounded.
Pikel barely misses you.
Pikel hits you with a +2 whip of flaming.
* * * LOW HITPOINT WARNING * * *
Pikel burns you.
* * * LOW HITPOINT WARNING * * *
Pikel drinks a potion.
Pikel is healed!
Pikel looks more healthy.
An orc comes into view. It is wielding a +0 flail.
An orc comes into view.
Pikel hits you with a +2 whip of flaming.
* * * LOW HITPOINT WARNING * * *
Pikel burns you.
You die...

##.#### #..........###..##.#..
......# #........).# .##..#.#
......######..........###o#......
...."........................#..#
......#######..........<.>..##.##
####### ##............####.#
################.........# #..#
#..........#####K.......o###.###
#..........#...@.#########......
#............##### #......
#..........### #......
#...).<....###############......
#......รท..).....................
#..........###############......
#..........# #...... #..........#
####### #..........#


You could see Pikel.

Vanquished Creatures
  Sigmund (D:2)
  Eustachio (D:4)
  Edmund (D:4)
  Duvessa (D:4)
  4 slaves
  A sky beast (D:2)
  An ogre (D:5)
  Dowan (D:4)
  A scorpion (D:4)
  A crimson imp (D:5)
  An orc priest (D:5)
  A bullfrog skeleton (D:5)
  Terence (D:2)
  4 worker ants
  2 orc wizards (D:3)
  Robin (D:4)
  6 adders
  An ooze (D:2)
  A worm (D:3)
  3 dart slugs
  3 leopard geckos
  13 orcs
  2 ball pythons
  8 giant cockroaches
  15 goblins
  11 hobgoblins
  2 jackals (D:1)
  A quokka (D:3)
  11 bats
  6 frilled lizards
  A jackal skeleton (D:4)
  7 kobolds
  A quokka skeleton (D:4)
  5 rats
120 creatures vanquished.

Notes
Turn   | Place    | Note
-------+----------+-------------------------------------------
     0 | D:1      | Descartes the Deep Elf Wizard began the quest for the Orb.
     0 | D:1      | Reached XP level 1. HP: 10/10 MP: 7/7
   360 | D:1      | Reached XP level 2. HP: 15/15 MP: 3/9
   663 | D:1      | Reached skill level 5 in Spellcasting
  1008 | D:1      | Reached XP level 3. HP: 19/19 MP: 8/11
  1574 | D:2      | Noticed Sigmund
  2101 | D:2      | Killed Sigmund
  2101 | D:2      | Reached skill level 6 in Spellcasting
  2101 | D:2      | Reached XP level 4. HP: 6/24 MP: 7/14
  2101 | D:2      | Reached XP level 5. HP: 7/28 MP: 8/16
  2393 | D:2      | Noticed Terence
  2444 | D:2      | HP: 1/28 [Terence/+0 mace (3)]
  2452 | D:2      | Killed Terence
  2452 | D:2      | Reached skill level 7 in Spellcasting
  3287 | D:3      | Reached XP level 6. HP: 32/32 MP: 14/18
  3890 | D:3      | Noticed a sky beast
  3928 | D:2      | Killed a sky beast
  3928 | D:2      | Reached skill level 5 in Conjurations
  4672 | D:4      | Noticed Grinder
  4672 | D:4      | Noticed Edmund
  4686 | D:4      | Learned a level 3 spell: Conjure Flame
  4907 | D:4      | Reached skill level 8 in Spellcasting
  4957 | D:4      | Noticed Duvessa
  4957 | D:4      | Noticed Dowan
  4991 | D:4      | Reached skill level 1 in Fire Magic
  4991 | D:4      | Reached XP level 7. HP: 35/36 MP: 11/20
  5190 | D:4      | Killed Edmund
  5312 | D:4      | Noticed Eustachio
  5564 | D:4      | Killed Eustachio
  5799 | D:4      | Killed Duvessa
  5799 | D:4      | Reached skill level 9 in Spellcasting
  5805 | D:4      | Killed Dowan
  5966 | D:4      | Reached XP level 8. HP: 41/41 MP: 20/23
  5968 | D:4      | Noticed Robin
  5974 | D:4      | Killed Robin
  6080 | D:4      | Learned a level 2 spell: Blink
  6304 | D:5      | Entered Level 5 of the Dungeon
  6420 | D:3      | Found a hazy altar of Hepliaklqana.
  6547 | D:5      | Noticed Pikel
  6635 | D:5      | Found a staircase to the Ecumenical Temple.
  6660 | Temple   | Entered the Ecumenical Temple
  6847 | Temple   | Became a worshipper of Vehumet
  7415 | D:5      | HP: 1/41 [Pikel/+2 whip of flaming (5)]
  7415 | D:5      | Slain by Pikel

Illustrated notes

Levels and vault maps discovered:
D:1:      minmay_arrival_doors, layout_loops_ring
D:2:      layout_rooms, grunt_decor_cap, uniq_terence, uniq_sigmund
D:3:      layout_basic, nicolae_overflow_hidden_temple, first_ration,
          kennysheep_generic_room_8
D:4:      layout_basic, uniq_duvessa, uniq_eustachio, uniq_grinder, uniq_robin,
          uniq_edmund
D:5:      layout_rooms, minmay_temple_entry_arrows, uniq_pikel,
          uniq_crazy_yiuf_cottage
Temple:   kilobyte_greek_temple

Skill      XL: |  1  2  3  4  5  6  7  8 |
---------------+-------------------------+-----
Conjurations   | 2 4 5 6 7 |  7.1
Spellcasting   | 5 6 7 8 9 |  9.5
Fire Magic     | 1 3 4 |  4.1
Dodging        | |  2.4
Stealth        | |  2.4
Summonings     | |  1.1
Translocations | |  1.1

Action                   |  1- 3 |  4- 6 |  7- 9 || total
-------------------------+-------+-------+-------++-------
Melee: Whip              |     7 |     6 |    67 ||    80
 Cast: Magic Dart        |   105 |   125 |   126 ||   356
       Conjure Flame     |       |       |     9 ||     9
Evoke: Wand              |       |       |     1 ||     1
  Use: Scroll            |       |       |     4 ||     4
 Stab: Sleeping          |       |       |     1 ||     1
  Eat: Chunk             |     3 |     5 |     5 ||    13
       Ration            |       |     1 |     1 ||     2
Armor: Robe              |    11 |       |       ||    11
       Leather armour    |     1 |    10 |    30 ||    41
Dodge: Dodged            |    29 |    21 |    43 ||    93
